Cogmind - Beta 17 @@@ ROGUE MODE // 2026.06.27 @ 03:04:44 // Winter2019/RPGLIKE Player: AngelSpirit Result: Destroyed by Optimus with Helical Railgun Performance ------------- Evolutions (3) 1500 Regions Visited (14) 2800 Robots Destroyed (573) 2865 Value Destroyed (23686) 23686 Prototype IDs (48) 960 Alien Tech Used (0) 0 Bonus (15810) 15810 TOTAL SCORE: 47621 Bonus ------- Triggered High Security 1000 High Alert Combat Kills 13326 Follower Combat Kills 391 Entered Garrisons 400 Used RIF Installer 1000 Friendly Fire -307 Cogmind --------- Core Integrity 0/1200 Matter 22/550 Energy 374/1270 System Corruption 4% Temperature Cool (0) Movement Immobile (Siege) Location -7/Scraptown Parts ------- > --- POWER (2) -------- Hybrid Fission Core Light Neutrino Core > --- PROPULSION (5) --- Tri-treads Cooled VTOL Module Experimental Cesium-ion Thruster (fused) > --- UTILITY (4) ------ Siege Articulator Siege Articulator Core Analyzer Graphene Brace > --- WEAPON (4) ------- Siege Cannon CPS Tube > --- INVENTORY (7) ---- High-capacity Battery (250) Compact Matter Pod (150) Cooled Plasma Cannon Advanced EMP Blaster Advanced EMP Blaster Peak State ------------ > --- POWER ------------ Hybrid Fission Core Light Neutrino Core > --- PROPULSION ------- Tri-treads Cooled VTOL Module Experimental Cesium-ion Thruster > --- UTILITY ---------- Siege Articulator Siege Articulator Core Analyzer Graphene Brace > --- WEAPON ----------- XL Autogun Array > --- INVENTORY -------- Protomatter High-capacity Battery Compact Matter Pod Cooled Plasma Cannon Advanced EMP Blaster Advanced EMP Blaster CPS Tube [Rating: 101] Favorites ----------- Power Light Neutrino Core Engine Cooled Ion Engine Power Core Light Neutrino Core Propulsion Experimental Cesium-ion Thruster Treads Tri-treads Wheel Wheel Hover Unit Improved Airjet Flight Unit Experimental Cesium-ion Thruster Utility Advanced Signal Interpreter Device Seismic Detector Processor Advanced Signal Interpreter Hackware Relay Coupler [NC] Protection Hardened Medium Armor Plating Weapon XL Autogun Array Energy Gun EM Pulse Gun Energy Cannon Cooled Plasma Cannon Ballistic Gun XL Autogun Array Ballistic Cannon Siege Cannon Launcher Advanced EMP Blaster Special Weapon Plasma Cutter Impact Weapon Impact Mace Build | -11 -10 -10 -10 -9 -8 -8 -8 -8 -7 -7 -7 -7 -7 -7 ------- Run | Yrd Mat Min Exi Min Mat Gar Mat Gar Fac Was Fac Sto Rec Scr Slots Evolved 11 | 1 1 1 . . 4 . . . 1 . 3 . . . Power 1 | . . . . . . . . . . . 1 . . . Propulsion 4 | . . . . . 2 . . . 1 . 1 . . . Utility 3 | . . . . . 2 . . . . . 1 . . . Weapon 3 | 1 1 1 . . . . . . . . . . . . Parts Attached 79 | 5 2 3 1 . 9 3 3 3 10 4 23 1 . 12 Power 10 | 1 1 1 . . 1 . 1 . 2 . 2 . . 1 Engine 6 | 1 . 1 . . 1 . 1 . 2 . . . . . Core 4 | . 1 . . . . . . . . . 2 . . 1 Reactor . | . . . . . . . . . . . . . . . Propulsion 19 | 1 . . . . 4 . . . 5 . 7 1 . 1 Treads 1 | . . . . . . . . . . . . . . 1 Leg . | . . . . . . . . . . . . . . . Wheel 2 | 1 . . . . 1 . . . . . . . . . Hover 9 | . . . . . 3 . . . 5 . . 1 . . Flight 7 | . . . . . . . . . . . 7 . . . Utility 25 | 1 . . . . 1 3 1 1 1 1 11 . . 5 Device 14 | 1 . . . . 1 1 . 1 1 . 6 . . 3 Storage . | . . . . . . . . . . . . . . . Processor 4 | . . . . . . 1 . . . . 2 . . 1 Hackware 6 | . . . . . . 1 1 . . 1 3 . . . Protection 1 | . . . . . . . . . . . . . . 1 Artifact . | . . . . . . . . . . . . . . . Weapon 25 | 2 1 2 1 . 3 . 1 2 2 3 3 . . 5 Energy Gun 5 | . 1 . . . 1 . . . . . 1 . . 2 Energy Cannon 2 | . . . . . . . . . . 1 1 . . . Ballistic Gun 5 | 2 . 1 1 . 1 . . . . . . . . . Ballistic Cannon 2 | . . . . . . . . . . . 1 . . 1 Launcher 5 | . . 1 . . 1 . . 2 1 . . . . . Special Weapon 5 | . . . . . . . 1 . . 2 . . . 2 Impact Weapon 1 | . . . . . . . . . 1 . . . . . Slashing Weapon . | . . . . . . . . . . . . . . . Piercing Weapon . | . . . . . . . . . . . . . . . Special Melee Weapon . | . . . . . . . . . . . . . . . Unidentified Prototypes 23 | . . . . . 5 . 1 . 4 1 10 1 . 1 Corrupted Parts 2 | . . . . . . . . . . 1 . . . 1 System Corruption 7 | . . . . . . . . . . 3 . . . 4 Parts Lost 1 | . . . . . . . . . . . 1 . . . Power 1 | . . . . . . . . . . . 1 . . . Propulsion . | . . . . . . . . . . . . . . . Utility . | . . . . . . . . . . . . . . . Weapon . | . . . . . . . . . . . . . . . Highest Loss Streak 1 | . . . . . . . . . . . 1 . . . To Critical Strikes . | . . . . . . . . . . . . . . . Average Backups 3 | . . 1 1 2 2 3 5 4 5 4 5 2 2 4 Power . | . . . . . . . . . . . . . . . Propulsion . | . . . . . . . . . . . . . . . Utility . | . . . 1 1 1 . 2 1 1 1 . . 1 1 Weapon 1 | . . . . 1 1 2 2 1 2 2 1 1 1 2 Tool/Special . | . . . . . . . . . . . . . . . Unused Backups 14 | . . . 3 . 1 . . . 1 1 1 . . 7 Power 1 | . . . . . . . . . . . 1 . . . Propulsion . | . . . . . . . . . . . . . . . Utility 7 | . . . 2 . . . . . 1 1 . . . 3 Weapon 2 | . . . 1 . 1 . . . . . . . . . Tool/Special 4 | . . . . . . . . . . . . . . 4 Average Slot Usage (%) 80 | . 99 98 65 57 59 70 70 72 74 85 83 91 88 70 Engine 5 | . 3 8 14 14 10 9 9 9 7 8 3 . . . Core 4 | . 16 7 . . . . . . . . 3 6 6 10 Wheel 5 | . 19 15 14 14 12 . . . . . . . . . Hover 10 | . . . . . 8 27 27 27 32 33 14 . . . Flight 9 | . . . . . . . . . . . 18 32 33 19 Device 14 | . 19 15 14 14 17 14 . 8 11 8 12 13 13 18 Processor 5 | . . . . . . 3 9 9 8 8 10 13 13 6 Hackware 2 | . . . . . . 7 17 9 4 8 4 . . . Energy Gun 3 | . 15 15 4 . . . . . . . . . . . Energy Cannon 1 | . . . . . . . . . . . 2 6 2 . Ballistic Gun 10 | . 24 32 18 14 10 9 7 8 7 1 3 . . . Launcher 3 | . . . . . . . . . . 6 5 13 13 2 Special Weapon 1 | . . . . . . . . . . 10 1 4 6 1 Peak Build Rating 101 | 5 8 9 41 41 56 64 62 66 76 71 100 86 81 101 Average Rating 55 | 3 6 8 30 41 46 60 58 63 73 47 78 80 77 79 On Entrance 47 | . 5 8 8 41 41 56 64 62 66 75 50 86 81 76 Avg Prop Armor Cover (%) 1 | . . . . . 3 . . . . . . . . 1 Naked Turns . | . . . . . . . . . . . . . . . Heaviest Build 45 | 10 12 15 23 23 29 30 23 30 33 26 33 33 30 45 Greatest Support 62 | 10 10 10 10 10 29 34 34 34 46 46 47 35 35 62 Greatest Overweight (x) 2 | 1 1 1 2 2 2 1 . . . . 2 . . . Average Overweight (x) . | . . 1 1 2 . . . . . . . . . . Largest Inventory Capacity 7 | 4 4 4 4 4 7 7 7 7 7 7 7 7 7 7 Average Capacity 6 | 3 4 4 4 4 5 7 7 7 7 7 7 7 7 7 Most Carried 7 | . 4 4 4 4 6 7 7 7 7 7 7 7 7 7 Average Carried 5 | . 3 3 3 4 5 6 6 5 6 6 6 6 6 5 Final Capacity 7 | 4 4 4 4 4 7 7 7 7 7 7 7 7 7 7 Final Carried 7 | . 4 4 4 4 6 7 7 6 7 7 7 6 7 5 Class Distribution -------------------- 46% | Hacker-Scout 16% | Gunner 9% | Mutant 6% | Commander-Gunner 6% | Scavenger-Tank 5% | Commander-Scout 4% | Hacker-Tank Dominant Class ---------------- Mutant | -10/Materials Gunner | -10/Mines Gunner | -10/Exiles Commander-Gunner | -9/Mines Commander-Gunner | -8/Materials Hacker-Tank | -8/Garrison Hacker-Scout | -8/Materials Hacker-Scout | -8/Garrison Hacker-Scout | -7/Factory Hacker-Scout | -7/Waste Hacker-Scout | -7/Factory Hacker-Scout | -7/Storage Commander-Scout | -7/Recycling Scavenger-Tank | -7/Scraptown Resources | -11 -10 -10 -10 -9 -8 -8 -8 -8 -7 -7 -7 -7 -7 -7 ----------- Run | Yrd Mat Min Exi Min Mat Gar Mat Gar Fac Was Fac Sto Rec Scr Matter Collected 11837 | 286 243 302 . 88 1430 1380 355 605 1931 . 3748 536 . 933 Remotely . | . . . . . . . . . . . . . . . Salvage Created 24240 | 32 352 563 . 77 2572 1481 470 819 2305 . 7633 5386 . 2550 Parts 1314 | 5 32 38 1 6 117 93 32 63 118 . 437 227 . 145 Haulers Intercepted 27 | . 2 . . . 6 . 1 . 6 . 10 2 . . Recyclers Shooed 2 | . . . . . . . . . 1 . 1 . . . Parts Field Recycled . | . . . . . . . . . . . . . . . Retrieved Matter . | . . . . . . . . . . . . . . . Parts Self-Destructed . | . . . . . . . . . . . . . . . Prevented . | . . . . . . . . . . . . . . . Parts Restored . | . . . . . . . . . . . . . . . Kills | -11 -10 -10 -10 -9 -8 -8 -8 -8 -7 -7 -7 -7 -7 -7 ------- Run | Yrd Mat Min Exi Min Mat Gar Mat Gar Fac Was Fac Sto Rec Scr Combat Hostiles Destroyed 454 | . 8 19 . 3 44 37 9 22 32 . 132 97 . 51 Guns 235 | . 8 15 . 3 44 37 9 17 32 . 63 . . 7 Cannons 59 | . . . . . . . . . . . 11 10 . 38 AOE 108 | . . 4 . . . . . 5 . . 36 58 . 5 Classes Destroyed 28 | 1 4 2 . . 8 2 . 2 . . 1 . . 8 Worker 22 | . . 1 . . 3 . 2 . 1 . 13 2 . . Builder 14 | . 1 . . . 2 . . . 1 . 10 . . . Tunneler 7 | 2 . . . . 2 . . . 1 . 2 . . . Hauler 27 | . 2 . . . 6 . 1 . 6 . 10 2 . . Recycler 10 | . . . . . 1 . . . 1 . 7 1 . . Mechanic 11 | . . . . . . . . . . . 4 7 . . Operator 4 | . . . . . 1 . . . . . 3 . . . Watcher 25 | . 1 . . . 5 1 1 2 5 . 8 2 . . Swarmer 42 | . . 11 . . . 7 . 6 3 . 11 4 . . Cutter 8 | . . . . . . . . 3 . . 5 . . . Grunt 195 | . 8 8 . 3 29 12 8 8 14 . 62 43 . . Brawler 26 | . . . . . 3 5 . . 2 . 6 10 . . Duelist 19 | . . . . . 1 . . . 3 . 8 7 . . Protector 16 | . . . . . 1 . . . 1 . 8 6 . . Sentry 48 | . . . . . 7 8 1 2 7 . 11 12 . . Demolisher 3 | . . . . . 3 . . . . . . . . . Hunter 21 | . . . . . . . . 1 . . 7 13 . . Programmer 21 | . . . . . . 3 . 2 2 . 12 2 . . Heavy 3 | . . . . . 1 . . . . . 2 . . . Behemoth 2 | . . . . . . 2 . . . . . . . . Bolteater 4 | . . . . . . . . . . . . . . 4 Federalist 2 | . . . . . . . . . . . . . . 2 Explorer 2 | . . . . . . . . . . . . . . 2 Ranger 4 | . . . . . . . . . . . . . . 4 Guru 6 | . . . . . . . . . . . . . . 6 Scrapper 8 | . . . . . . . . . . . . . . 8 Elite 21 | . . . . . . . . . . . . . . 21 Thug 1 | . . . . . . . . . . . . . . 1 Savage 1 | . . . . . . . . . . . . . . 1 Mutant 1 | . . . . . . . . . . . . . . 1 Best Kill Streak 36 | 2 2 5 . 3 20 8 8 10 11 . 29 36 . 14 Combat Bots Only 34 | . 2 5 . 3 15 8 5 10 8 . 19 34 . 14 Max Kills in Single Turn 12 | 1 2 2 . 1 2 2 2 3 2 . 6 12 . 3 Gunslinging 1 | . 1 . . . . . . . . . . . . . Exploded 11 | . . 2 . . . . . 3 . . 4 11 . 3 Melee . | . . . . . . . . . . . . . . . Uniques/NPCs Destroyed 1 | . . . . . . . . . . . . . . 1 Triborg (-7/Scraptown) Combat | -11 -10 -10 -10 -9 -8 -8 -8 -8 -7 -7 -7 -7 -7 -7 -------- Run | Yrd Mat Min Exi Min Mat Gar Mat Gar Fac Was Fac Sto Rec Scr Hostile Shots Fired 768 | . 43 62 . 1 21 33 5 23 44 . 220 166 . 150 Missed 315 | . 12 16 . . 7 11 3 8 25 . 106 90 . 37 Hits 453 | . 31 46 . 1 14 22 2 15 19 . 114 76 . 113 Melee 9 | . . . . . . . . 2 . . 4 . . 3 Projectile 444 | . 31 46 . 1 14 22 2 13 19 . 110 76 . 110 AOE 9 | . . . . . 4 . . 1 . . 4 . . . Critical Strikes 8 | . . . . . . 1 . . 1 . 1 2 . 3 Actively Blocked 5 | . . . . . . . . . . . . 2 . 3 Part Disruptions 1 | . . . . . . . . . . . 1 . . . Damage Taken 6741 | . 347 590 52 11 363 257 25 177 99 . 1839 838 . 2143 Core 5385 | . 288 482 40 8 292 204 19 142 77 . 1443 670 . 1720 Absorbed by Shields 421 | . . . . . 24 84 . 42 112 . 159 . . . Reduced by Siege Mode 103 | . . . . . . . . . . . . . . 103 Redirected to Core 4530 | . 181 361 40 8 256 179 19 127 57 . 1246 568 . 1488 Ignored by Resistances 395 | . . . . . 4 25 2 9 17 . 95 79 . 164 Core Remaining (%) 100 | 100 . . . 100 . . . 100 . . . . . . Volleys Fired 885 | 6 57 43 3 4 88 90 23 33 108 3 272 86 . 69 Largest 3 | 2 2 3 3 1 1 1 1 2 1 1 3 2 . 3 Hottest 180 | 40 60 83 83 60 60 60 60 72 60 5 177 105 . 180 Shots Fired 1140 | 12 114 127 9 4 88 90 23 35 108 3 320 130 . 77 Gun 781 | 12 114 126 9 4 88 90 19 31 108 . 166 . . 14 Cannon 139 | . . . . . . . . . . . 45 38 . 56 Launcher 202 | . . 1 . . . . . 4 . . 101 92 . 4 Special 18 | . . . . . . . 4 . . 3 8 . . 3 Kinetic 747 | 12 71 84 6 4 88 90 19 31 108 . 170 . . 64 Thermal 85 | . . . . . . . . . . . 41 38 . 6 Explosive 1 | . . 1 . . . . . . . . . . . . Electromagnetic 289 | . 43 42 3 . . . . 4 . . 101 92 . 4 Robot Hit Streak 32 | 4 9 10 9 12 21 26 20 7 32 3 29 18 . 22 Robot Miss Streak 7 | 3 4 4 . 2 4 2 4 3 5 . 7 2 . 2 Penetration Max 2 | . . . . . . . . . . . . . . 2 Secondary Targets 3 | . 1 2 . . . . . . . . . . . . Max Gunslinging Chain 1 | . 1 1 . . . . . . . . . . . . Shots Hit Robots 812 | 6 68 68 8 4 87 63 23 25 80 3 228 83 . 66 Core Hits 964 | 2 20 30 2 4 101 60 22 36 89 . 327 216 . 55 Critical Kills . | . . . . . . . . . . . . . . . Critical Parts Destroyed 1 | . . 1 . . . . . . . . . . . . Critical Strikes 15 | . 1 2 . . . . . . . . . . . 12 Destroy 1 | . . 1 . . . . . . . . . . . . Blast 12 | . . . . . . . . . . . . . . 12 Corrupt 2 | . 1 1 . . . . . . . . . . . . Melee Attacks . | . . . . . . . . . . . . . . . Impact . | . . . . . . . . . . . . . . . Slashing . | . . . . . . . . . . . . . . . Piercing . | . . . . . . . . . . . . . . . Sneak Attacks . | . . . . . . . . . . . . . . . Combat Hostiles . | . . . . . . . . . . . . . . . Follow-up Attacks . | . . . . . . . . . . . . . . . Damage Inflicted 62657 | 72 966 1049 134 238 5653 4596 1196 2155 5393 . 20033 13627 . 7545 Guns 30419 | 72 897 877 92 238 5653 4596 1196 1192 5118 . 9568 . . 920 Cannons 8384 | . . . . . . . . . . . 1241 1059 . 6084 Explosions 23854 | . 69 172 42 . . . . 963 275 . 9224 12568 . 541 Melee . | . . . . . . . . . . . . . . . Ramming . | . . . . . . . . . . . . . . . Kinetic 35669 | 72 592 557 53 238 5653 4596 1196 1192 5118 . 9591 . . 6811 Thermal 7588 | . 69 129 42 . . . . 217 77 . 3003 3584 . 467 Explosive 256 | . . 43 . . . . . . . . . 213 . . Electromagnetic 19144 | . 305 320 39 . . . . 746 198 . 7439 9830 . 267 Impact . | . . . . . . . . . . . . . . . Slashing . | . . . . . . . . . . . . . . . Piercing . | . . . . . . . . . . . . . . . Highest Corruption 11 | . . . . . . . . . . 10 11 5 5 4 Average Corruption 3 | . . . . . . . . . . 7 3 4 5 4 Corruption Purged 13 | . . . . . . . . . . . 13 . . . Corruption Blocked . | . . . . . . . . . . . . . . . Effects 82 | . . . . . . . . . . 2 60 17 3 . Message Errors 15 | . . . . . . . . . . 1 7 7 . . Matter Fused 18 | . . . . . . . . . . . 13 4 1 . Heat Flow Errors 12 | . . . . . . . . . . . 10 1 1 . Energy Discharges 9 | . . . . . . . . . . 1 6 1 1 . Parts Rejected 1 | . . . . . . . . . . . 1 . . . Parts Fused 2 | . . . . . . . . . . . 1 1 . . Data Loss (minor) 7 | . . . . . . . . . . . 6 1 . . Data Loss (major) 7 | . . . . . . . . . . . 7 . . . Misfires 5 | . . . . . . . . . . . 4 1 . . Alerts 1 | . . . . . . . . . . . 1 . . . Weapon Failures 5 | . . . . . . . . . . . 4 1 . . Overload Shots 23 | . . . . . . . . . . . 9 11 . 3 Effects 1 | . . . . . . . . . . . . 1 . . Energy Bleed 1 | . . . . . . . . . . . . 1 . . Overflow Damage 1290 | . . . . . . . . 41 . . 356 298 . 595 Projectiles 811 | . . . . . . . . . . . 88 128 . 595 Explosions 479 | . . . . . . . . 41 . . 268 170 . . Melee . | . . . . . . . . . . . . . . . Knockbacks 6 | . . . . . . . . . . . 1 . . 5 Impact . | . . . . . . . . . . . . . . . Kinetic 5 | . . . . . . . . . . . 1 . . 4 Secondary 1 | . . . . . . . . . . . . . . 1 Self-Inflicted Damage 301 | . 4 38 53 . . . . . . . 186 3 . 17 Shots 9 | . 1 1 1 . . . . . . . 4 1 . 1 Rammed . | . . . . . . . . . . . . . . . Targets Rammed . | . . . . . . . . . . . . . . . Kicked . | . . . . . . . . . . . . . . . Crushed . | . . . . . . . . . . . . . . . Highest Temperature 309 | . 96 255 46 170 309 271 115 105 180 . 252 106 162 135 Average Temperature 54 | . 32 62 24 92 74 72 45 35 35 . 54 27 94 64 Received Heat Transfer 1395 | . 186 216 . 6 56 86 18 26 33 . 336 222 . 210 Effects 1 | . . 1 . . . . . . . . . . . . Energy Bleed 1 | . . 1 . . . . . . . . . . . . Siege Activations 13 | . . . . . . . . . . . . . . 13 Total Turns 427 | . . . . . . . . . . . . . . 427 Longest Duration 276 | . . . . . . . . . . . . . . 276 Martial Activations . | . . . . . . . . . . . . . . . Shielding Activations . | . . . . . . . . . . . . . . . Robots Disrupted 4 | . . . . . . . . . . . 3 1 . . Combat Hostiles 4 | . . . . . . . . . . . 3 1 . . Robots Corrupted 54 | . . . . . . . . 1 . . 22 31 . . Combat Hostiles 50 | . . . . . . . . . . . 22 28 . . Parts Fried 124 | . . . . . . . . 1 . . 47 75 . 1 Impact Corruptions . | . . . . . . . . . . . . . . . Robots Melted 2 | . . . . . . . . . . . . 1 . 1 Combat Hostiles 2 | . . . . . . . . . . . . 1 . 1 Parts Melted 15 | . . . . . . . . . . . 3 10 . 2 Heat Transferred 9257 | . 100 50 50 . . . . 300 100 . 3408 4742 . 507 Parts Sabotaged . | . . . . . . . . . . . . . . . Parts Stolen . | . . . . . . . . . . . . . . . Parts Stripped . | . . . . . . . . . . . . . . . Power Chain Reactions 66 | . 2 2 1 . . . . 2 . . 23 34 . 2 Alert | -11 -10 -10 -10 -9 -8 -8 -8 -8 -7 -7 -7 -7 -7 -7 ------- Run | Yrd Mat Min Exi Min Mat Gar Mat Gar Fac Was Fac Sto Rec Scr Maximum Alert Level 5 | . . 1 . . 4 5 4 4 4 2 5 5 5 . Low Security (%) 30 | 100 100 95 . 100 20 . . . . . 5 . . . Level 1 2 | . . 4 . . 8 . . . . . 4 . . . Level 2 3 | . . . . . 21 . . . . 100 5 . . . Level 3 15 | . . . . . 32 17 56 36 26 . 24 . . . Level 4 19 | . . . . . 17 31 43 63 73 . 15 . . . Level 5 15 | . . . . . . 50 . . . . 28 . 100 . High Security 13 | . . . . . . . . . . . 16 99 . . Max Security . | . . . . . . . . . . . . . . . Sterilizations 3 | . . . . . 1 . . . . . 1 1 . . Peak Influence 4509 | 5 76 214 . 101 1418 2304 1220 1383 1540 536 3599 4509 1758 . Initial 1758 | . . 9 . . 3 921 1123 793 725 536 354 1637 1758 . Average 1203 | . 25 142 . 36 667 1628 1088 1133 1209 523 1595 3559 1711 . Influence Increases 13825 | 10 371 579 5 101 1778 1383 287 590 1217 . 4572 2932 . . Destroy 0b10 Robot/C 7900 | . 160 380 . 60 980 740 180 440 620 . 2500 1840 . . Destroy 0b10 Robot/NC 695 | 10 20 5 5 . 120 5 20 15 80 . 315 100 . . Destroy Leader 1464 | . 66 80 . 10 212 20 44 40 130 . 554 308 . . Allied During Kill 441 | . . . . 14 270 . . 5 . . 3 149 . . Successful Hack 128 | . 12 . . . 4 8 . 4 3 . 97 . . . Select Force Hacks 120 | . 60 . . . 30 . 30 . . . . . . . Disable Machine 1275 | . 30 30 . 15 105 15 . . 270 . 675 135 . . Anti-Garrison Action 600 | . . . . . . 400 . 50 . . . 150 . . Destroy Structure 722 | . 8 39 . 2 57 150 13 36 39 . 233 145 . . Partial Spotted 105 | . 15 . . . . 30 . . 30 . 30 . . . Lose Combat Pursuer 375 | . . 45 . . . 15 . . 45 . 165 105 . . Influence Decreases 13825 | 10 346 432 177 90 371 497 1371 427 1066 1028 1479 2022 2851 1658 Entered New Map 10480 | . . 16 172 . 8 497 1181 427 658 998 152 1962 2751 1658 Time Decay 2320 | 10 346 416 5 90 263 . 40 . 398 30 622 . 100 . Lost Part 10 | . . . . . . . . . . . 10 . . . Lost Ally 190 | . . . . . 100 . . . 10 . 20 60 . . Purge Threat 825 | . . . . . . . 150 . . . 675 . . . Squads Dispatched 91 | . 6 . . . 7 . 3 . 10 . 44 21 . . Investigation 18 | . 4 . . . 3 . 1 . 2 . 7 1 . . Extermination 10 | . . . . . . . . . 2 . 8 . . . Reinforcement 15 | . 2 . . . 1 . 1 . . . 11 . . . Assault 37 | . . . . . 3 . . . 3 . 12 19 . . Garrison 11 | . . . . . . . 1 . 3 . 6 1 . . Intercept . | . . . . . . . . . . . . . . . Searches Triggered . | . . . . . . . . . . . . . . . Construction Impeded 4 | . . . . . . . . . . . 4 . . . Haulers Reinforced . | . . . . . . . . . . . . . . . Active Scanning Responses . | . . . . . . . . . . . . . . . Cargo Convoy Interrupts 1 | . . . . . . . . . . . 1 . . . Stealth | -11 -10 -10 -10 -9 -8 -8 -8 -8 -7 -7 -7 -7 -7 -7 --------- Run | Yrd Mat Min Exi Min Mat Gar Mat Gar Fac Was Fac Sto Rec Scr Distress Signals 15 | . 1 . . . 1 . . . 4 . 3 6 . . Communications Jammed . | . . . . . . . . . . . . . . . Distress Signals . | . . . . . . . . . . . . . . . Times Spotted 540 | . 17 21 . 3 61 29 11 20 37 6 149 130 . 56 Peak Tracking Total 28 | . 3 3 . 3 17 6 5 6 7 5 8 28 . 18 Tactical Retreats 14 | . . 3 . . . 1 . . 2 . 2 4 . 2 Traps | -11 -10 -10 -10 -9 -8 -8 -8 -8 -7 -7 -7 -7 -7 -7 ------- Run | Yrd Mat Min Exi Min Mat Gar Mat Gar Fac Was Fac Sto Rec Scr Traps Triggered 34 | . . . . . 1 7 . 1 4 . 12 9 . . Indirectly 17 | . . . . . . . . 1 1 . 6 9 . . Trap Hack Attempts . | . . . . . . . . . . . . . . . Triggered . | . . . . . . . . . . . . . . . Disarmed . | . . . . . . . . . . . . . . . Reprogrammed 2 | . . . . . . . . . . . 2 . . . Reused . | . . . . . . . . . . . . . . . Traps Extracted . | . . . . . . . . . . . . . . . Installed . | . . . . . . . . . . . . . . . Triggered . | . . . . . . . . . . . . . . . Machines | -11 -10 -10 -10 -9 -8 -8 -8 -8 -7 -7 -7 -7 -7 -7 ---------- Run | Yrd Mat Min Exi Min Mat Gar Mat Gar Fac Was Fac Sto Rec Scr Machines Disabled 100 | . 2 2 . 1 7 8 . 1 18 . 45 15 . 1 Max in Single Turn 21 | . 1 2 . 1 1 2 . 1 4 . 21 2 . 1 Garrison Access 2 | . . . . . . . . . 1 . . 1 . . Garrison Relay 6 | . . . . . . 5 . 1 . . . . . . Phase Generator 1 | . . . . . . 1 . . . . . . . . Machines Repaired . | . . . . . . . . . . . . . . . Machines Dismantled 4 | . . . . . . . . . . . . 4 . . Machines Sabotaged . | . . . . . . . . . . . . . . . Overloaded Fab Kills . | . . . . . . . . . . . . . . . Hacking | -11 -10 -10 -10 -9 -8 -8 -8 -8 -7 -7 -7 -7 -7 -7 --------- Run | Yrd Mat Min Exi Min Mat Gar Mat Gar Fac Was Fac Sto Rec Scr Machines Accessed 59 | . 7 . 2 . 6 3 2 3 7 . 27 2 . . Terminals 35 | . 5 . . . 3 3 . 3 3 . 16 2 . . Fabricators 7 | . . . . . . . . . 2 . 5 . . . Repair Stations . | . . . . . . . . . . . . . . . Recycling Units 5 | . 2 . . . 1 . 1 . . . 1 . . . Scanalyzers 2 | . . . . . 1 . . . . . 1 . . . Garrison Access 8 | . . . . . 1 . 1 . 2 . 4 . . . Total Hacks 151 | . 20 . 2 . 14 9 2 4 16 . 78 6 . . Successful 93 | . 15 . 2 . 13 3 2 3 9 . 45 1 . . Failed 57 | . 5 . . . 1 6 . 1 7 . 32 5 . . Catastrophic 8 | . . . . . . 1 . . 2 . 5 . . . Database Lockouts 1 | . . . . . . . . . . . 1 . . . Manual 73 | . 14 . 1 . 6 4 1 . 4 . 43 . . . Terminals 97 | . 15 . . . 8 9 . 4 10 . 45 6 . . Fabricators 27 | . . . . . . . . . 4 . 23 . . . Repair Stations . | . . . . . . . . . . . . . . . Recycling Units 10 | . 5 . . . 2 . 1 . . . 2 . . . Scanalyzers 7 | . . . . . 3 . . . . . 4 . . . Garrison Access 8 | . . . . . 1 . 1 . 2 . 4 . . . Terminal Hacks 33 | . 4 . 2 . 4 3 . 3 3 . 13 1 . . Record 1 | . . . 1 . . . . . . . . . . . Part Schematic 1 | . . . . . . . . . . . 1 . . . Robot Analysis 1 | . . . . . . . . . . . 1 . . . Prototype ID Bank 1 | . . . . . . . . . . . 1 . . . Open Door 2 | . . . . . . . . 1 . . . 1 . . Branch Access Points 1 | . . . . . 1 . . . . . . . . . Emergency Access Points 1 | . . . . . . 1 . . . . . . . . Terminal Index 3 | . 1 . . . . . . . 1 . 1 . . . Fabricator Index 1 | . . . . . . . . . . . 1 . . . Alert Level 2 | . . . . . 2 . . . . . . . . . Unreport Threat 2 | . . . . . . . . . . . 2 . . . Locate Traps 7 | . 3 . . . 1 . . . 1 . 2 . . . Reprogram Traps 1 | . . . . . . . . . . . 1 . . . Recall Extermination 1 | . . . . . . . . . 1 . . . . . Hauler Manifests 2 | . . . . . . . . . . . 2 . . . Registered Components 1 | . . . . . . . . . . . 1 . . . Garrison Registry 2 | . . . . . . 1 . 1 . . . . . . Patrol Navigation 2 | . . . . . . 1 . 1 . . . . . . Proto ID Catalog 1 | . . . 1 . . . . . . . . . . . Fabricator Hacks 15 | . . . . . . . . . 3 . 12 . . . Network Status 4 | . . . . . . . . . 2 . 2 . . . Load Schematic 6 | . . . . . . . . . . . 6 . . . Build 5 | . . . . . . . . . 1 . 4 . . . Repair Station Hacks . | . . . . . . . . . . . . . . . Recycling Unit Hacks 4 | . 2 . . . 1 . . . . . 1 . . . Retrieve Components 4 | . 2 . . . 1 . . . . . 1 . . . Scanalyzer 5 | . . . . . 3 . . . . . 2 . . . Insert Component 2 | . . . . . 1 . . . . . 1 . . . Analyze 2 | . . . . . 1 . . . . . 1 . . . Retrieve Study 1 | . . . . . 1 . . . . . . . . . Garrison Access Hacks 8 | . . . . . 1 . 1 . 2 . 4 . . . Unlock Access 7 | . . . . . 1 . 1 . 1 . 4 . . . Seal Access 1 | . . . . . . . . . 1 . . . . . Unauthorized Hacks 28 | . 9 . . . 4 . 1 . 1 . 13 . . . Terminals 17 | . 7 . . . 3 . . . . . 7 . . . Assimilate 1 | . . . . . . . . . . . 1 . . . Botnet 9 | . 2 . . . 1 . . . . . 6 . . . Skim 6 | . 4 . . . 2 . . . . . . . . . Search 1 | . 1 . . . . . . . . . . . . . Fabricators 6 | . . . . . . . . . 1 . 5 . . . Prioritize 2 | . . . . . . . . . . . 2 . . . Haulers 2 | . . . . . . . . . 1 . 1 . . . Recompile 2 | . . . . . . . . . . . 2 . . . Repair Stations . | . . . . . . . . . . . . . . . Recycling Units 5 | . 2 . . . 1 . 1 . . . 1 . . . Recyclers 1 | . . . . . . . . . . . 1 . . . Tunnel 4 | . 2 . . . 1 . 1 . . . . . . . Scanalyzers . | . . . . . . . . . . . . . . . Garrison Access . | . . . . . . . . . . . . . . . Data Cores Recovered 2 | . . . . . 1 . . . . . 1 . . . Used 1 | . . . . . . . . . . . 1 . . . Hacking Detections 35 | . 3 . . . 3 3 . 1 4 . 19 2 . . Full Trace Events 13 | . 2 . . . 1 2 . . 2 . 5 1 . . Feedback Events . | . . . . . . . . . . . . . . . Feedback Blocked . | . . . . . . . . . . . . . . . Robot Schematics Acquired . | . . . . . . . . . . . . . . . Robots Built 1 | . . . . . . . . . 1 . . . . . Authchips . | . . . . . . . . . . . . . . . Time 134 | . . . . . . . . . 134 . . . . . Total Robot Build Rating 4 | . . . . . . . . . 4 . . . . . Part Schematics Acquired 3 | . . . . . 1 . . . . . 2 . . . Parts Built 5 | . . . . . . . . . . . 5 . . . Authchips 3 | . . . . . . . . . . . 3 . . . Time 358 | . . . . . . . . . . . 358 . . . Total Part Build Rating 26 | . . . . . . . . . . . 26 . . . Part Studies Acquired 1 | . . . . . 1 . . . . . . . . . Parts Repaired . | . . . . . . . . . . . . . . . Time . | . . . . . . . . . . . . . . . Parts Recycled . | . . . . . . . . . . . . . . . Recycled Matter . | . . . . . . . . . . . . . . . Retrieved Matter . | . . . . . . . . . . . . . . . Retrieved Components 18 | . 10 . . . 8 . . . . . . . . . Parts Scanalyzed 2 | . . . . . 1 . . . . . 1 . . . Part Schematics Acquired 2 | . . . . . 1 . . . . . 1 . . . Parts Damaged . | . . . . . . . . . . . . . . . Bothacking | -11 -10 -10 -10 -9 -8 -8 -8 -8 -7 -7 -7 -7 -7 -7 ------------ Run | Yrd Mat Min Exi Min Mat Gar Mat Gar Fac Was Fac Sto Rec Scr Used RIF Installer 2 | . . . . . . 1 . 1 . . . . . . Program Shield 1 | . . . . . . . . 1 . . . . . . Robots Hacked 5 | . . . . . . . 1 . . 3 1 . . . Non-combat 2 | . . . . . . . 1 . . . 1 . . . Combat 3 | . . . . . . . . . . 3 . . . . Robot Hacks Applied 12 | . . . . . . . 3 . . 3 6 . . . parse_system 1 | . . . . . . . 1 . . . . . . . generate_echo 1 | . . . . . . . . . . . 1 . . . purge_threat 4 | . . . . . . . 1 . . . 3 . . . locate_traps 1 | . . . . . . . . . . . 1 . . . ignore_targets 3 | . . . . . . . . . . 3 . . . . formatsys_low 2 | . . . . . . . 1 . . . 1 . . . Relay Couplers Released 11 | . . . . . . 9 . 2 . . . . . . Machine Destruction 11 | . . . . . . 9 . 2 . . . . . . Attached 2 | . . . . . . . 1 . . 1 . . . . Fabnet Peak Effective % . | . . . . . . . . . . . . . . . Robots Rewired 5 | . . . 4 . . . . . . . 1 . . . Allies Hacked . | . . . . . . . . . . . . . . . Hacks Repelled . | . . . . . . . . . . . . . . . Allies | -11 -10 -10 -10 -9 -8 -8 -8 -8 -7 -7 -7 -7 -7 -7 -------- Run | Yrd Mat Min Exi Min Mat Gar Mat Gar Fac Was Fac Sto Rec Scr Total Allies 25 | . . . 4 3 . . 1 1 1 . 3 12 . . Largest Group 10 | . . . 4 7 7 . 1 2 1 . 2 10 9 9 Highest-Rated Group 173 | . . . 45 85 85 . 10 41 40 . 49 173 157 157 Highest-Rated Ally 40 | . . . 21 21 21 . 10 31 40 . 29 31 29 29 Total Orders 15 | . . . . . . . 4 2 . . . 2 . 7 STAY 8 | . . . . . . . 2 1 . . . 1 . 4 FOLLOW 7 | . . . . . . . 2 1 . . . 1 . 3 Ally Attacks 168 | . . . . . 59 . . . . . 3 52 . 54 Total Damage 2131 | . . . . . 819 . . . . . 55 649 . 608 Kills 18 | . . . . . 10 . . . . . 1 1 . 6 Allies Corrupted . | . . . . . . . . . . . . . . . Allies Melted . | . . . . . . . . . . . . . . . Intel | -11 -10 -10 -10 -9 -8 -8 -8 -8 -7 -7 -7 -7 -7 -7 ------- Run | Yrd Mat Min Exi Min Mat Gar Mat Gar Fac Was Fac Sto Rec Scr Active Infowar (turns) 5738 | 8 928 1008 587 266 595 436 . . 382 66 1462 . . . Terrain 1910 | . . . . . . . . . 382 66 1462 . . . Seismic 3828 | 8 928 1008 587 266 595 436 . . . . . . . . Robot Analysis Total 1 | . . . . . . . . . . . 1 . . . Derelict Logs Recovered 2 | . . 1 . 1 . . . . . . . . . . Drone Launches . | . . . . . . . . . . . . . . . Drone Recoveries . | . . . . . . . . . . . . . . . Exploration | -11 -10 -10 -10 -9 -8 -8 -8 -8 -7 -7 -7 -7 -7 -7 ------------- Run | Yrd Mat Min Exi Min Mat Gar Mat Gar Fac Was Fac Sto Rec Scr Turns Passed 9862 | 68 928 1008 587 266 595 657 91 264 948 66 2528 664 205 987 Spaces Moved 12996 | 44 802 825 497 229 481 952 70 433 1807 129 4489 768 198 1272 Core 16 | 14 . . . . . . . . . . 2 . . . Treads 146 | . . . . . . . . . . . . . . 146 Legs . | . . . . . . . . . . . . . . . Wheels 2704 | 30 802 825 497 229 321 . . . . . . . . . Hover 5727 | . . . . . 160 952 70 433 1807 129 2176 . . . Flight 4403 | . . . . . . . . . . . 2311 768 198 1126 Fastest Speed 15 | 50 80 95 95 110 42 42 42 42 38 38 15 15 15 15 Average Speed 43 | 73 80 95 105 110 77 42 42 42 38 38 26 15 15 27 Slowest Speed 180 | 100 95 95 110 110 180 102 42 42 42 38 150 16 15 120 Overloaded Moves . | . . . . . . . . . . . . . . . Propulsion Burnouts . | . . . . . . . . . . . . . . . Robots Hopped 22 | . . . . . . . . . . . 11 . . 11 Potential Cave-ins 2 | . . . . . . . . . 2 . . . . . Cave-ins Triggered . | . . . . . . . . . . . . . . . Exploration Rate (%) 66 | 3 93 99 90 63 60 97 9 60 57 94 73 92 47 53 Regions Visited 14 Branch Regions 6 Pre-discovered Areas 5 | . 2 . 1 . 1 . 1 . . . . . . . Known Exits Taken 5 | . . . . . 1 . 1 . . . 1 1 1 . Unknown Exits Taken 5 | 1 1 1 1 1 . . . . . . . . . . Scrap Searched 7 | . . 1 . 1 . . . . . . . . . 5 Spaces Dug 37 | . . 10 . . . . . . 4 . 23 . . . Terrain Destroyed 633 | . 7 40 . 2 56 67 13 1 40 . 236 150 . 21 Melee . | . . . . . . . . . . . . . . . Projectile 136 | . . . . 2 56 . 13 . 13 . 31 9 . 12 AOE 497 | . 7 40 . . . 67 . 1 27 . 205 141 . 9 Terrain Rammed . | . . . . . . . . . . . . . . . Walls Destroyed . | . . . . . . . . . . . . . . . Machines Disabled . | . . . . . . . . . . . . . . . Actions | -11 -10 -10 -10 -9 -8 -8 -8 -8 -7 -7 -7 -7 -7 -7 --------- Run | Yrd Mat Min Exi Min Mat Gar Mat Gar Fac Was Fac Sto Rec Scr Total 16552 | 64 968 954 557 243 701 1208 129 511 2064 144 5665 1120 372 1852 Wait 1920 | 10 72 54 18 9 83 60 25 24 99 . 692 178 174 422 Move 12946 | 43 801 824 496 228 481 951 70 432 1807 128 4467 767 197 1254 Hop 17 | . . . . . . . . . . . 10 . . 7 Pick Up 74 | . 8 3 3 . 5 5 . . 4 2 23 2 . 19 Fast Attach 86 | 5 3 2 1 . 11 2 3 2 11 2 27 2 . 15 Attach 29 | . . . . . . 1 1 2 . 3 16 1 . 5 Detach 11 | . . . . . . . 1 2 . . 3 1 1 3 Swap 16 | . . 2 . . . . 1 1 3 1 7 1 . . Drop 136 | . 6 5 6 . 11 5 3 2 16 5 39 4 . 34 Fire 885 | 6 57 43 3 4 88 90 23 33 108 3 272 86 . 69 Melee . | . . . . . . . . . . . . . . . Ram . | . . . . . . . . . . . . . . . Kick . | . . . . . . . . . . . . . . . Crush . | . . . . . . . . . . . . . . . Escape Stasis 97 | . . . . . . 78 . . 5 . 14 . . . Rewire 24 | . . . 24 . . . . . . . . . . . Trap . | . . . . . . . . . . . . . . . Miscellaneous 311 | . 21 21 6 2 22 16 2 13 11 . 95 78 . 24 Route ------- -11/Scrapyard -10/Materials (discovered 5 exits: [*Mat x3] / [*Min] / [*Sub]) -10/Mines (discovered 3 exits: [*Mat x2] / *Exi) -10/Exiles -9/Mines -8/Materials (discovered 3 exits: *Fac x2 / Gar) -8/Garrison (discovered 3 exits: *Mat x3) -8/Materials -8/Garrison (discovered 3 exits: *Fac x3) -7/Factory (discovered 4 exits: *Fac / Sto / *Low / Gar) -7/Waste -7/Factory (discovered 11 exits: *Fac x3 / *Sto x2 / *Low x2 / Gar / Gar / Gar / Gar) -7/Storage (discovered 2 exits: *Fac / *Rec) -7/Recycling -7/Scraptown (discovered 1 exit: [*Fac]) History --------- Turn | Location | Event 4 | -11/Scrapyard | Upgraded with Weapon slot (x1) 6 | -11/Scrapyard | Discovered new exit (range 16) 69 | -11/Scrapyard | Entered Materials 70 | -10/Materials | Met a group of wandering Federalists 240 | -10/Materials | Discovered new exit (range 11) 304 | -10/Materials | Build established: Mutant 434 | -10/Materials | Discovered new exit (range 11) 487 | -10/Materials | Discovered new exit (range 14) 723 | -10/Materials | Discovered new exit (range 15) 777 | -10/Materials | Discovered new exit (range 12) 907 | -10/Materials | Reached level 2 916 | -10/Materials | Upgraded with Weapon slot (x1) 997 | -10/Materials | Entered Mines 1014 | -10/Mines | Met a Derelict bent on vengeance 1077 | -10/Mines | Discovered new exit (range 9) 1095 | -10/Mines | Reached level 3 1146 | -10/Mines | Discovered new exit (range 5) 1211 | -10/Mines | Learned 2 Materials zone layouts 1240 | -10/Mines | Build established: Gunner 1441 | -10/Mines | Joined a pair of Derelicts in attacking an 0b10 outpost 1772 | -10/Mines | Deemed a non-threat by the Exiles lab entrance 1772 | -10/Mines | Discovered new exit (range 5) 1919 | -10/Mines | Reached level 4 1924 | -10/Mines | Upgraded with Weapon slot (x1) 2005 | -10/Mines | Entered Exiles 2005 | -10/Exiles | Found Exiles lab destroyed 2115 | -10/Exiles | Learned location of Zion (-6) 2175 | -10/Exiles | Opened EX-Vault 2182 | -10/Exiles | Found XL Autogun Array 2566 | -10/Exiles | Discovered new exit (range 11) 2592 | -10/Exiles | Entered Mines 2592 | -9/Mines | Accompanied by 4 allies 2718 | -9/Mines | Learned 2 Materials zone layouts 2825 | -9/Mines | Discovered new exit (range 11) 2831 | -9/Mines | Build established: Commander-Gunner 2843 | -9/Mines | Assisted by bots powering up and referring to "LRC-V3" 2858 | -9/Mines | Entered Materials 2858 | -8/Materials | Accompanied by 7 allies 2859 | -8/Materials | Identified exit to Factory 2860 | -8/Materials | Reached level 5 2861 | -8/Materials | Upgraded with Propulsion slot (x1) 2861 | -8/Materials | Upgraded with Utility slot (x1) 2900 | -8/Materials | Reached level 6 3010 | -8/Materials | Reached level 7 3032 | -8/Materials | Discovered exit to Factory (range 11) 3033 | -8/Materials | Destroyed 7 combat bots 3122 | -8/Materials | Reached level 8 3143 | -8/Materials | Upgraded with Propulsion slot (x1) 3258 | -8/Materials | First assault squad dispatched 3298 | -8/Materials | Reached level 9 3347 | -8/Materials | Reached level 10 3351 | -8/Materials | Lost 5 allies 3388 | -8/Materials | Destroyed 15 combat bots 3427 | -8/Materials | Reached level 11 3440 | -8/Materials | Upgraded with Utility slot (x1) 3448 | -8/Materials | Sterilization system engaged 3448 | -8/Materials | Non-combat units ordered to evacuate 3453 | -8/Materials | Identified exit to Garrison 3453 | -8/Materials | Entered Garrison 3458 | -8/Garrison | Destroyed 9 combat bots 3477 | -8/Garrison | Triggered checkpoint 3511 | -8/Garrison | Garrison Relay disabled 3581 | -8/Garrison | Triggered checkpoint 3585 | -8/Garrison | Spotted B-75 Beast 3585 | -8/Garrison | Spotted B-75 Beast 3596 | -8/Garrison | Destroyed B-75 Beast 3608 | -8/Garrison | Reached level 12 3608 | -8/Garrison | Destroyed B-75 Beast 3637 | -8/Garrison | Discovered new exit (range 17) 3638 | -8/Garrison | Triggered checkpoint 3676 | -8/Garrison | Destroyed 8 combat bots 3702 | -8/Garrison | Garrison Relay disabled 3712 | -8/Garrison | Garrison Relay disabled 3727 | -8/Garrison | Triggered checkpoint 3816 | -8/Garrison | Discovered new exit (range 16) 3839 | -8/Garrison | Triggered checkpoint 3845 | -8/Garrison | Build established: Hacker-Tank 3872 | -8/Garrison | Reached level 13 3872 | -8/Garrison | Triggered checkpoint 3903 | -8/Garrison | Garrison Relay disabled 3941 | -8/Garrison | Discovered new exit (range 13) 3965 | -8/Garrison | Phase Generator disabled 3975 | -8/Garrison | Discovered new exit (range 67) 3975 | -8/Garrison | Discovered new exit (range 76) 3975 | -8/Garrison | Discovered new exit (range 11) 3995 | -8/Garrison | Triggered checkpoint 4016 | -8/Garrison | Garrison Relay disabled 4036 | -8/Garrison | Installed Relay Interface Framework 4109 | -8/Garrison | Identified exit to Materials 4110 | -8/Garrison | Entered Materials 4157 | -8/Materials | Garrison activated, responded to threat 4193 | -8/Materials | Build established: Hacker-Scout 4197 | -8/Materials | Identified exit to Garrison 4201 | -8/Materials | Entered Garrison 4201 | -8/Garrison | Accompanied by 1 ally 4243 | -8/Garrison | Discovered exit to Factory (range 63) 4243 | -8/Garrison | Discovered exit to Factory (range 56) 4243 | -8/Garrison | Discovered exit to Factory (range 61) 4263 | -8/Garrison | Triggered checkpoint 4271 | -8/Garrison | Triggered checkpoint 4275 | -8/Garrison | Reached level 14 4316 | -8/Garrison | Expanded RIF knowledge: Program Shield 4321 | -8/Garrison | Destroyed 10 combat bots 4341 | -8/Garrison | Triggered checkpoint 4352 | -8/Garrison | Rescued a captive Derelict 4359 | -8/Garrison | Garrison Relay disabled 4399 | -8/Garrison | Triggered checkpoint 4465 | -8/Garrison | Entered Factory 4465 | -7/Factory | Accompanied by 1 ally 4467 | -7/Factory | Reached level 15 4467 | -7/Factory | Upgraded with Propulsion slot (x1) 4736 | -7/Factory | Destroyed 8 combat bots 4855 | -7/Factory | Reached level 16 4865 | -7/Factory | First assault squad dispatched 5044 | -7/Factory | Identified exit to Garrison 5053 | -7/Factory | Garrison activated, responded to threat 5109 | -7/Factory | Destroyed 8 combat bots 5119 | -7/Factory | Fabricated I-36 Angel? 5133 | -7/Factory | Discovered new exit (range 10) 5137 | -7/Factory | Identified exit to Lower Caves 5158 | -7/Factory | Discovered new exit (range 14) 5236 | -7/Factory | Found Prototype Launcher 5236 | -7/Factory | Identified Rocket Array 5336 | -7/Factory | Discovered new exit (range 18) 5342 | -7/Factory | Identified exit to Factory 5413 | -7/Factory | Sucked down chute 5413 | -7/Factory | Entered Waste 5428 | -7/Waste | EMP discharged 5432 | -7/Waste | Spotted C-40 Crusher 5434 | -7/Waste | Spotted C-40 Crusher 5438 | -7/Waste | Spotted C-40 Crusher 5455 | -7/Waste | Spotted C-40 Crusher 5459 | -7/Waste | Spotted C-40 Crusher 5470 | -7/Waste | Discovered new exit (range 12) 5470 | -7/Waste | Spotted C-40 Crusher 5474 | -7/Waste | System corruption reached 10% 5478 | -7/Waste | Identified exit to Factory 5479 | -7/Waste | Entered Factory 5729 | -7/Factory | Discovered exit to Factory (range 12) 5731 | -7/Factory | Identified exit to Garrison 5775 | -7/Factory | Reached level 17 5786 | -7/Factory | Upgraded with Utility slot (x1) 5814 | -7/Factory | Central database locked down 5899 | -7/Factory | Discovered new exit (range 14) 6002 | -7/Factory | Discovered exit to Lower Caves (range 6) 6071 | -7/Factory | Identified exit to Garrison 6191 | -7/Factory | Discovered new exit (range 11) 6236 | -7/Factory | Identified exit to Garrison 6279 | -7/Factory | First assault squad dispatched 6346 | -7/Factory | Fabricated Exp. Cesium-ion Thruster? 6397 | -7/Factory | Identified exit to Garrison 6434 | -7/Factory | Identified exit to Storage 6441 | -7/Factory | Discovered exit to Lower Caves (range 17) 6630 | -7/Factory | Discovered exit to Factory (range 15) 6654 | -7/Factory | Fabricated Exp. Cesium-ion Thruster (x1) 6671 | -7/Factory | Reached level 18 6672 | -7/Factory | Upgraded with Propulsion slot (x1) 6685 | -7/Factory | Fabricated System Restoration Module (x2) 6702 | -7/Factory | Discovered exit to Factory (range 9) 6775 | -7/Factory | Cargo convoy interrupted 6820 | -7/Factory | Destroyed 8 combat bots 7003 | -7/Factory | Fabricated Exp. Cesium-ion Thruster (x1) 7449 | -7/Factory | Garrison activated, responded to threat 7509 | -7/Factory | Destroyed 15 combat bots 7583 | -7/Factory | High security lockdown imminent 7626 | -7/Factory | Destroyed 14 combat bots 7663 | -7/Factory | High security lockdown engaged 7822 | -7/Factory | Reached level 19 7895 | -7/Factory | Sterilization system engaged 7895 | -7/Factory | Non-combat units ordered to evacuate 7902 | -7/Factory | Upgraded with Power slot (x1) 7913 | -7/Factory | Destroyed 19 combat bots 7944 | -7/Factory | Found Prototype Processor 7944 | -7/Factory | Identified Exp. Terrain Scan Processor 7995 | -7/Factory | Combat units ordered to evacuate 8007 | -7/Factory | Entered Storage 8008 | -7/Storage | Met a pair of Derelict thieves 8011 | -7/Storage | High security lockdown imminent 8011 | -7/Storage | Garrison activated, responded to threat 8091 | -7/Storage | High security lockdown engaged 8119 | -7/Storage | Destroyed 23 combat bots 8204 | -7/Storage | Destroyed 14 combat bots 8267 | -7/Storage | Destroyed 7 combat bots 8314 | -7/Storage | Destroyed 12 combat bots 8362 | -7/Storage | Discovered exit to Factory (range 18) 8371 | -7/Storage | Reached level 20 8387 | -7/Storage | Sterilization system engaged 8387 | -7/Storage | Non-combat units ordered to evacuate 8440 | -7/Storage | Destroyed 34 combat bots 8449 | -7/Storage | Discovered new exit (range 4) 8453 | -7/Storage | Identified exit to Recycling 8487 | -7/Storage | Combat units ordered to evacuate 8499 | -7/Storage | Assisted by bots powering up and referring to "LRC-V3" 8671 | -7/Storage | Entered Recycling 8671 | -7/Recycling | Accompanied by 9 allies 8744 | -7/Recycling | Scanned before Scraplab entrance 8783 | -7/Recycling | Build established: Commander-Scout 8834 | -7/Recycling | Entered Scraplab 8835 | -7/Recycling | Discovered new exit (range 3) 8835 | -7/Recycling | Identified exit to Scraptown 8876 | -7/Recycling | Entered Scraptown 8876 | -7/Scraptown | Accompanied by 9 allies 8876 | -7/Scraptown | System corruption cleaned by C-Scrubber 8898 | -7/Scraptown | Discovered new exit (range 11) 8904 | -7/Scraptown | Visited Fellowship of the Rings 8906 | -7/Scraptown | Visited Cyclists 8910 | -7/Scraptown | Turned away by UFD registrar 8911 | -7/Scraptown | Heard Great Nut preacher, LISTEN AND RECITE! 8925 | -7/Scraptown | Visited CPS Storage 8927 | -7/Scraptown | Visited Bundlers 8928 | -7/Scraptown | Visited Cave Peace 8929 | -7/Scraptown | Visited The Evicted 9161 | -7/Scraptown | Attached CPS modules to Triborg 9162 | -7/Scraptown | Attacked by Scraptown defenders 9164 | -7/Scraptown | Attached CPS modules to Triborg 9167 | -7/Scraptown | Destroyed Triborg 9171 | -7/Scraptown | Found Siege Articulator 9173 | -7/Scraptown | Found Tri-treads 9174 | -7/Scraptown | Found Prototype Ballistic Cannon 9176 | -7/Scraptown | Found Siege Articulator 9189 | -7/Scraptown | Identified Siege Cannon 9212 | -7/Scraptown | Lost 6 allies 9370 | -7/Scraptown | Destroyed 14 combat bots 9622 | -7/Scraptown | Build established: Scavenger-Tank 9787 | -7/Scraptown | Destroyed 13 combat bots 9828 | -7/Scraptown | Attached CPS modules to Optimus 9830 | -7/Scraptown | Core integrity fell below 50% 9842 | -7/Scraptown | Core integrity fell below 20% 9863 | -7/Scraptown | Destroyed by Optimus with Helical Railgun Last Messages --------------- integrity (+168, depleted) 09856_ Penetrated by Slug. 09856_ Slug penetrates Earth. 09856_ Penetrated by Slug. 09858_ Mak. Salvage Targeting Computer melted. 09858_ OH-IEQ(j) destroyed. 09858_ Flamer fried. 09858_ T0-VM0(M) destroyed. 09859_ RD-S6P(E) cannibalizes Corrupted Imp. Treads to repair Ovr. Treads. 09859_ Slug penetrates Earth. 09859_ Penetrated by Slug. 09862_ Activated siege mode. 09862_ Acquired Corrupted Siege Cannon. 09862_ Integrated Corrupted Siege Cannon (+4). 09862_ Complication: Energy sink damages Corrupted Siege Cannon (-109). 09863_ Siege Slug penetrates RD-S6P(E). 09863_ RD-S6P(E) destroyed. 09863_ Penetrated by Slug. Map ----- +----------------------------------------------------+ | =""#?#"""" #?????%=%%!????????????????????? | | [%"#?# #?????!=**#????????????????????? | | / ""#?#"""" #?????=!=!#????????????????????? | | |= #?# #?????#*[!#????????????????????? | | != ""#?#"""" #?????#%=!#????????????????????? | | "#?# | | #?????#!=!#????????????????????? | | [ ""#?#"""" #?????#%[!#????????????????????? | | #######?#######?????"*!%#????????????????????? | | #[!! #?????????????#% !#????????????????????? | | ! != !#??############%%!#????????????????????? | | " "# ! = #??#""""""""" %=![##???????????????????? | | """# ! #??#""""" """ [[!!;#???????????????????? | | ##############"""" "| [!!!#???????????????????? | | ???????# =* =%%##??????????????????? | | ##??#### #####"" "" "" %!%[! #??????????????????? | | """?#""" "#??#"""""""""%!%=%= #??????????????????? | | ""?#""" "#??#""""""""""%%![ ???????????????????? | | "##""" "#??###########*%[!=#???????????????????? | | ""##"" "#?############%!%%*#???????????????????? | | ""##"" "#?#"""""""""""* !!=#???????????????????? | | ""##" "#?#"" [!!!! "% % #???????????????????? | | ""##"| "#?#"" [ [[! " 3% #???????????????????? | | ""##"" "#?#"" # #???????????????????? | | ""##"" ""###""" """""""#=!=#????????????????????? | | | | != #????????????????????? | | | @[ #????????????????????? | | ""######""" """##""" """ #????????????????????? | | "#????#"" |"##"" "# #????????????????????? | | "#????#" ""##"" "# # #????????????????????? | | "#????#" ""##" "# # #????????????????????? | | "#????#" "# #?#????????????????????? | | ""#????#"""""""##"""""""# ???????????????????????? | | ###????################## ???????????????????????? | | | | | | | | | | | | | | | | | | | | | | | | | | | | | | | | | | | +----------------------------------------------------+ Best States ------------- Heat Dissipation 61 Energy Generation 35 Energy Capacity 1270 Matter Stores 550 Matter Capacity 550 Sight Range 20 Robot Scan Range 22 Terrain Scan Range 16 Terrain Scan Density 710 Additional Mass Support 12 Resistance: KI 5 Resistance: TH 5 Phase Shifting 5 Evasion (%) 72 Launcher Accuracy 20 Core Analysis 6 Recoil Reduction 3 Offensive Hacking 31 Defensive Hacking 5 Relay Coupler Types 1 Relay Coupler Value 78 Authchip Count 1 Item Schematics ----------------- Mak. Hacking Suite | -8/Materials | Scanalyzed System Restoration Module | -7/Factory | Hacked Exp. Cesium-ion Thruster | -7/Factory | Scanalyzed Robot Schematics ------------------ None Fabricated ------------ I-36 Angel | x1 | -7/Factory | Preloaded Exp. Cesium-ion Thruster | x1 | -7/Factory | Authchip Exp. Cesium-ion Thruster | x1 | -7/Factory | Authchip System Restoration Module | x2 | -7/Factory Exp. Cesium-ion Thruster | x1 | -7/Factory | Authchip Repaired ---------- Nothing Studied --------- Wheel | -8/Materials | Hacked Alien Tech Used ----------------- None Achievements -------------- None Challenges ------------ None RPGLIKE | -11 -10 -10 -10 -9 -8 -8 -8 -8 -7 -7 -7 -7 -7 -7 --------- Run | Yrd Mat Min Exi Min Mat Gar Mat Gar Fac Was Fac Sto Rec Scr Levels Raised 19 | . 1 2 . . 7 2 . 1 2 . 3 1 . . XP Earned 31816 | 3000 1580 2950 200 955 9528 3574 439 805 3274 67 3876 1448 81 39 XP Spent 31450 | 3000 1500 2860 . 120 9940 3425 . 1510 3030 . 4165 700 . 1200 Upgrades 84 | 5 11 6 . 2 25 10 . 7 9 . 6 1 . 2 Power Slot 1 | . . . . . . . . . . . 1 . . . Propulsion Slot 4 | . . . . . 2 . . . 1 . 1 . . . Utility Slot 3 | . . . . . 2 . . . . . 1 . . . Weapon Slot 3 | 1 1 1 . . . . . . . . . . . . Core Integrity 12 | . 10 2 . . . . . . . . . . . . Heat Dissipation 6 | . . . . 2 . 1 . 1 2 . . . . . Energy Generation 2 | . . . . . 1 . . . . . 1 . . . Energy Storage 6 | . . . . . . . . 2 3 . 1 . . . Matter Storage 5 | . . . . . . . . 2 3 . . . . . Mass Support 2 | . . . . . 1 1 . . . . . . . . Inventory Capacity 7 | 4 . . . . 3 . . . . . . . . . Sight Range 4 | . . . . . 2 . . . . . . . . 2 Sensor Range 11 | . . . . . 5 5 . 1 . . . . . . Terrain Scan Density 7 | . . . . . 4 1 . 1 . . 1 . . . Ranged Accuracy 4 | . . 3 . . . . . . . . . 1 . . Hack Attack % 4 | . . . . . 2 2 . . . . . . . . Hack Defense % 1 | . . . . . 1 . . . . . . . . . KI Resistance % 1 | . . . . . 1 . . . . . . . . . TH Resistance % 1 | . . . . . 1 . . . . . . . . . Protomatter Created 7668 | . 193 155 45 79 750 546 172 275 400 . 2253 1767 . 1033 Integrity Restored 5096 | . 354 449 134 28 367 263 25 174 97 . 1765 904 . 536 Core 4181 | . 288 402 120 8 292 204 19 142 77 . 1392 721 . 516 Parts 915 | . 66 47 14 20 75 59 6 32 20 . 373 183 . 20 Protomatter Decayed 3207 | . 203 68 . 69 420 305 46 137 310 . 870 240 . 539 Game ------ Seed DeliveryFieldthrustDriver Manual? 0 Play Time 02:19:20 Cumulative 927.8 hours Start 2026.06.27 @ 00:45:58 End 2026.06.27 @ 03:04:44 Sessions 1 Manual Loads 0 Difficulty Rogue Special Mode Winter2019/RPGLIKE Game No. 260 Rogue 260 Adventurer 0 Explorer 0 Win Type - Total 38 Types 12/7/9/1/2/0/3/1/1/2 Lore% 96 Gallery% 89 Achievement% 86 Wizard Run 0 Options --------- Layout 1 ASCII 0 Keyboard 0 Movement Mouse Keybinds 0 Fullscreen 2 Font 32/SmallcapsGlow Map View 50x35 Zoom Use 0% Tactical HUD 1 Map Filters NONE Filters NONE Steam 1 RUN: 35a38b71-92b4-4311-81e2-8056229d7aa8